 Dungeon Crawl Stone Soup version 0.16-a0-1132-gad589c6 (webtiles) character file.

86 RobertPalmer the Ducker (level 4, -3/31 HPs)
             Began as an Octopode Monk on Oct 7, 2014.
             Slain by a wight
             ... wielding a +4 long sword
              (11 damage)
             ... on level 2 of the Dungeon.
             The game lasted 00:04:25 (2168 turns).

RobertPalmer the Ducker (Octopode Monk)             Turns: 2168, Time: 00:04:25

Health: -3/31      AC:  1    Str: 10    XL:     4   Next: 49%
Magic:  4/4        EV: 20    Int: 13    God:
Gold:   129        SH:  0    Dex: 19    Spells: 0 memorised, 3 levels left

rFire  . . .     SeeInvis .     a - +0 trident
rCold  . . .     Clarity  .     (no shield)
rNeg   . . .     SustAb   .     (helmet restricted)
rPois  .         Gourm    .     (no amulet)
rElec  .         Spirit   .     (no ring)
rCorr  .         Warding  .     (no ring)
rMut   .         Stasis   .     (no ring)
MR     .....                    (no ring)
Stlth  ++++......               (no ring)
                                (no ring)
                                (no ring)
                                (no ring)

@: agile, drained, not resistant to hostile enchantments, stealthy
A: almost no armour, amphibious, 8 rings, constrict 8, camouflage 1, gelatinous
body 1
a: no special abilities


You were on level 2 of the Dungeon.
You were hungry.

You visited 1 branch of the dungeon, and saw 4 of its levels.

You collected 129 gold pieces.


Innate Abilities, Weirdness & Mutations

You cannot wear most types of armour.
You are amphibious.
You can wear up to eight rings at the same time.
You can use your tentacles to constrict many enemies at once.
Your skin changes colour to match your surroundings (Stealth).
Your rubbery body absorbs attacks (AC +1).


   Skills:
 - Level 3.0(2.7) Fighting
 + Level 0.6(0.3) Polearms
 - Level 5.0(4.7) Dodging
 - Level 2.6(2.4) Stealth
 - Level 4.0(3.7) Unarmed Combat


You had 3 spell levels left.
You didn't know any spells.

Inventory:

Hand weapons
 a - a +0 trident (weapon)
Missiles
 d - 18 poisoned needles
 g - 5 curare-tipped needles
Comestibles
 b - 2 bread rations
 c - 2 meat rations
Scrolls
 h - 2 scrolls of remove curse {unknown}
 i - a scroll of teleportation {unknown}
 j - a scroll of fear {unknown}
 k - a scroll of enchant armour {unknown}
 l - a scroll of immolation {unknown}

Dungeon Overview and Level Annotations

Branches:
Dungeon (4/15)
 Temple: D:4-7

Altars:

Annotations:
D:3 Sigmund

#.# #.###.##.#.# #..
#.# #.###.##.#.# #..
#.# #.....>....# #..
#.# ##.......### #..
#.# #.##.#### #..
##.# #.##.# #.. #..#
#.##.# #.. #.##
#.##z##############..
#.#
#.##@#............#..
#.#
#.##.#.##########.#..
#.# #.##.#.#######
#.#.. #.#
#.##.........# #.#..
#.# #.####.#####.#
#.##. #.# #.#
#.......# #.##. #.#
#.# #.####### #.##.
#.# #.# #.# #.##. #.#
#.# #.# #.##.


You could see a wight.


Message History

You climb upwards.
There is a stone staircase leading down here.
You hit the wight. You grab the wight.
The wight is lightly damaged.
The wight hits you with a glowing long sword!
* * * LOW HITPOINT WARNING * * *
Unknown command.
You release your grip on the wight.
Drink which item? (? for menu, Esc to quit)
You feel better.
It was a potion of curing.
The wight completely misses you.
A quokka comes into view.
The quokka moves out of view.
The quokka closely misses you. The quokka closely misses you.
The quokka twitches its whiskers.
The quokka closely misses you. The quokka bites you.
* * * LOW HITPOINT WARNING * * *
Drink which item? (? for menu, Esc to quit)
You feel agile all of a sudden.
It was a potion of agility.
The quokka bites you.
* * * LOW HITPOINT WARNING * * *
Attack whom?
Aim: a wight, wielding a glowing long sword and wearing a robe The quokka is in the way.
You puncture the quokka!
You kill the quokka!
The wight misses you.
You completely miss the wight. You grab the wight.
The wight hits you with a glowing long sword!
You die...

Action                   |  1- 3 |  4- 6 || total
-------------------------+-------+-------++-------
Melee: Unarmed           |    69 |    22 ||    91
       Trident           |       |    16 ||    16
  Use: Potion            |       |     5 ||     5
 Stab: Sleeping          |     4 |     2 ||     6
  Eat: Chunk             |     1 |     2 ||     3

Vault maps used:
D:1:      tarquinn_simple_flora_water_f, grunt_decor_cap
D:2:      uniq_terence
D:3:      uniq_sigmund, uniq_grinder
D:4:      old_standard_altar, kennysheep_little_box

Notes
Turn   | Place    | Note
--------------------------------------------------------------
     0 | D:1      | RobertPalmer, the Octopode Monk, began the quest for the Orb.
     0 | D:1      | Reached XP level 1. HP: 16/16 MP: 1/1
   345 | D:1      | Reached XP level 2. HP: 13/21 MP: 2/2
   813 | D:2      | Reached skill level 4 in Dodging
   856 | D:2      | Reached XP level 3. HP: 21/26 MP: 3/3
  1484 | D:2      | Reached XP level 4. HP: 28/31 MP: 4/4
  1744 | D:2      | Noticed Terence
  1799 | D:2      | Killed Terence
  1799 | D:2      | Reached skill level 5 in Dodging
  2032 | D:3      | Noticed Sigmund
  2135 | D:2      | HP: 3/31 [wight/glowing long sword (14)]
  2168 | D:2      | Slain by a wight

Vanquished Creatures
  Terence (D:2)
  2 adders (D:2)
  A giant mite (D:2)
  A worm (D:2)
  3 giant geckos
  6 goblins
  A hobgoblin (D:2)
  4 kobolds
  3 quokkas (D:2)
  6 bats
  A giant cockroach (D:1)
  7 giant newts
  2 jackals (D:2)
  10 rats
48 creatures vanquished.
